 Dungeon Crawl Stone Soup version 0.31-a0-986-g5e6e4ef867 (webtiles) character file.

Game seed: 3397506408763485994

132400 Newt the Imperceptible (level 17, -18/100 HPs)
             Began as a Kobold Hunter on Oct 26, 2023.
             Was the Champion of Dithmenos.
             Killed by the air
             ... invoked by a wind drake
              (21 damage)
             ... on level 4 of the Shoals on Nov 9, 2023.
             The game lasted 00:36:47 (29400 turns).

Newt the Imperceptible (Kobold Hunter)             Turns: 29400, Time: 00:36:47

Health: -18/100    AC: 12    Str:  9    XL:     17   Next: 69%
Magic:  27/27      EV: 33    Int: 10    God:    Dithmenos [******]
Gold:   1205       SH: 20    Dex: 26    Spells: 16/16 levels left

rFire   + . .        f - +12 dagger of Skirmishing {protect, Will+ Stlth+}
rCold   + . .        j - +3 kite shield
rNeg    . . .        b - +2 robe {rC+ rF+}
rPois   .            (no helmet)
rElec   +            V - scarf {repulsion}
rCorr   .            g - +0 pair of gloves
SInv    .            (no boots)
Will    +++..        W - amulet of the Open Hand {Reflect rElec SH+5} Stlth *+++++++++
                     s - ring of willpower
HPRegen 0.36/turn    w - +5 ring of evasion
MPRegen 0.20/turn

%: repel missiles, reflection
@: under a protective aura, wreathed by umbra, very slow
A: small, no large weapons, nightstalker 3
a: Renounce Religion, Shadow Step, Shadow Form


You were on level 4 of the Shoals.
You worshipped Dithmenos.
Dithmenos was exalted by your worship.
You visited 5 branches of the dungeon, and saw 26 of its levels.
You also visited: Volcano.

You collected 2358 gold pieces.
You spent 1153 gold pieces at shops.

Inventory:

Hand Weapons
 a - a +0 shortbow
 f - the +12 dagger of Skirmishing (weapon) {protect, Will+ Stlth+}
   (You found it on level 3 of the Dungeon)

   Will+:     It increases your willpower.
   Stlth+:    It makes you more stealthy.
Missiles
 K - 5 throwing nets
Armour
 b - a +2 robe of resistance (worn)
 c - a +0 leather armour
 g - a +0 pair of gloves (worn)
 j - a +3 kite shield (worn)
 N - a +2 cloak
 V - a scarf of repulsion (worn)
Jewellery
 d - an amulet of reflection
 e - a ring of poison resistance
 o - a ring of protection from cold
 q - a ring of fire
 r - an amulet of magic regeneration
 s - a ring of willpower (left hand)
 w - a +5 ring of evasion (right hand)
 A - a ring of protection from cold
 C - a ring of fire
 I - a ring of magical power
 T - a +6 ring of strength
 W - the amulet of the Open Hand (around neck) {Reflect rElec SH+5}
   (You bought it in a shop on level 2 of the Orcish Mines)

   [amulet of reflection]

   Reflect:   It reflects blocked missile attacks.
   rElec:     It insulates you from electricity.
   SH+5:      It affects your SH (+5).
 X - a ring of flight
Wands
 n - a wand of polymorph (19)
 t - a wand of mindburst (33)
 J - a wand of iceblast (9)
 L - a wand of charming (6)
Scrolls
 h - 5 scrolls of amnesia
 m - 7 scrolls of revelation
 u - 3 scrolls of poison
 v - 8 scrolls of teleportation
 E - 3 scrolls of fog
 H - 2 scrolls of enchant weapon
 M - 3 scrolls of immolation
 P - a scroll of torment
 U - 3 scrolls of identify
 Y - a scroll of silence
Potions
 i - 4 potions of mutation
 k - 4 potions of enlightenment
 l - 2 potions of lignification
 p - 2 potions of might
 z - 2 potions of cancellation
 B - 3 potions of attraction
 D - 7 potions of brilliance
 G - 10 potions of curing
 R - 2 potions of haste
 S - a potion of degeneration
Miscellaneous
 F - a phantom mirror
 O - a sack of spiders
 Q - a lightning rod (4/4)


   Skills:
 - Level 9.0 Fighting
 - Level 18.0 Short Blades
 - Level 5.3 Ranged Weapons
 + Level 14.8 Dodging
 - Level 22.0 Stealth
 - Level 6.0 Shields
 - Level 14.0 Invocations
 - Level 15.0 Evocations


You had 16 spell levels left.
You didn't know any spells.
Your spell library contained the following spells:

 Spells                   Type           Power      Damage    Failure   Level
 Foxfire                  Conj/Fire      0%         2x1d4     85%         1
 Ensorcelled Hibernation  Hex/Ice        0%         N/A       94%         2
 Lesser Beckoning         Tloc           0%         N/A       94%         2
 Passwall                 Tmut/Erth      0%         N/A       94%         2
 Sublimation of Blood     Necr           0%         N/A       94%         2
 Dazzling Flash           Conj/Hex       0%         N/A       99%         3
 Frozen Ramparts          Ice            0%         1d1       99%         3
 Gell's Gravitas          Tloc           0%         N/A       99%         3
 Ignite Poison            Fire/Tmut/Pois 0%         N/A       99%         3
 Swiftness                Air            0%         N/A       99%         3
 Teleport Other           Tloc           0%         N/A       99%         3
 Volatile Blastmotes      Fire/Tloc      0%         2d10      99%         3
 Petrify                  Tmut/Erth      0%         N/A       100%        4
 Sticky Flame             Conj/Fire      0%         2d3       100%        4
 Irradiate                Conj/Tmut      0%         3d11      100%        5
 Metabolic Englaciation   Hex/Ice        0%         N/A       100%        5
 Plasma Beam              Fire/Air       0%         2x1d10    100%        6
 Starburst                Conj/Fire      0%         6d3       100%        6
 Ignition                 Fire           0%         3d3       100%        8
 Maxwell's Capacitive Co  Air            0%         ∞         100%        8


Dungeon Overview and Level Annotations

Branches:
Dungeon (14/15)            Temple (1/1) D:5            Lair (5/5) D:8
 Shoals (4/4) Lair:3        Snake (0/4) Lair:2        Slime (0/5) Lair:5
    Orc (2/2) D:9             Elf (0/3) Orc:2        Vaults (0/5) D:14
Volcano (visited)

Altars:
Ashenzari
Cheibriados
Dithmenos
Elyvilon
Fedhas
Gozag
Hepliaklqana
Kikubaaqudgha
Makhleb
Nemelex Xobeh
Okawaru
Qazlal
Ru
Sif Muna
Trog
Uskayaw
Vehumet
Wu Jian
Xom
Yredelemnul
Zin
The Shining One

Shops:
D:6 ?   Orc:1 ?[   Orc:2 *=?(*

Portals:
Pandemonium: Orc:2

Annotations:
D:3 Jessica
D:9 2 transporters


Innate Abilities, Weirdness & Mutations

You are small and have problems with some larger weapons.
You are completely attuned to the shadows.


Message History

No reachable target in view!
The wind drake hisses angrily.
The wind drake closely misses you. You block the wind drake's attack.
You hit the wind drake.
Your weapon exudes an aura of protection.
The wind drake is lightly wounded.
The wind drake exhales a fierce blast of wind!
You are knocked back by the gust of wind.
You slam into the rock wall!
Splash!
Your unstable footing causes you to fumble your attack.
The wind drake exhales a fierce blast of wind!
You are knocked back by the gust of wind.
You slam into the rock wall!
Splash!
You are too injured to fight recklessly!
You are too injured to fight recklessly!
You are too injured to fight recklessly!
Unknown command.
You are too injured to fight recklessly!
You are too injured to fight recklessly!
Unknown command.
The wind drake flaps its wings at you. The air twists around and strikes you!!
You emit a cloud of dark smoke.
The wind drake flaps its wings at you. The air twists around and strikes you!
* * * LOW HITPOINT WARNING * * *
You hit the wind drake.
Your weapon exudes an aura of protection.
The wind drake is lightly wounded.
The wind drake flaps its wings at you. The air twists around and strikes you!
* * * LOW HITPOINT WARNING * * *
Unknown command.
Your unstable footing causes you to fumble your attack.
You block the wind drake's attack.
Your unstable footing causes you to fumble your attack.
The wind drake flaps its wings at you. The air twists around and strikes you!!
You die...

..~~~~~..
~~~~~~~~#
≈≈≈~~~~~#
≈≈≈§§§~#
≈≈≈≈§§§#
≈≈≈§§@§#
~~~§k§§##
###§§§§§#
#~~~~(##
##~~~~~#
##~~~~..
#...~~~~
#..~~~~~
~~~~~~~


You could see a wind drake (repels missiles).

Vanquished Creatures
  Ilsuiw (Shoals:2)
  2 orc warlords
  A stone giant (Shoals:2)
  The ghost of RandomusNamus the Fencer, a journeyman MiCA of Okawaru (D:12)
  Nessos (D:12)
  A minotaur (Lair:4)
  2 merfolk javelineers
  The ghost of kairosrom117 the Arsonist, a journeyman DrFE of Vehumet (D:12)
  The ghost of tsujin the Geomancer, a journeyman GrEE of Vehumet (Lair:4)
  Josephine (D:10)
  2 merfolk impalers
  Harold (Lair:1)
  Erolcha (D:12)
  A catoblepas (D:13)
  5 hydras
  Erica (D:8)
  3 demonspawn (Orc:2)
  4 boulder beetles
  2 centaur warriors
  6 death yaks
  A satyr (Shoals:2)
  2 merfolk aquamancers
  2 merfolk avatars
  5 two-headed ogres
  A vampire mage (Lair:4)
  7 orc high priests (Orc:2)
  Urug (Lair:1)
  Nergalle (D:12)
  A sun demon (Orc:2)
  Sonja (D:11)
  A soul eater (Orc:2)
  A sixfirhy (Orc:2)
  3 skysharks
  10 sea snakes
  Pikel (D:5)
  2 deep elf pyromancers
  3 lindwurms
  13 harpies
  4 orc sorcerers (Orc:2)
  5 fauns (Shoals:1)
  4 orc knights (Orc:2)
  14 cyclopes
  6 oklob plants
  5 manticores
  An ugly thing (D:13)
  A salamander (Lair:2)
  A toenail golem (Volcano)
  3 water nymphs
  A molten gargoyle (Volcano)
  3 merfolk sirens
  Joseph (Lair:1)
  10 black mambas
  A guardian serpent (D:12)
  A gargoyle (D:12)
  A torpor snail (Lair:4)
  Maggie (D:7)
  3 rime drakes
  15 komodo dragons
  Jeremiah (D:7)
  18 cane toads
  Psyche (D:12)
  A komodo dragon (shapeshifter) (D:13)
  3 kobold demonologists
  6 efreet
  4 tengu conjurers (D:13)
  10 polar bears
  14 merfolk
  8 trolls
  2 wind drakes
  4 hornets
  4 dream sheep
  4 snapping turtles
  13 blink frogs
  3 shadows
  7 wraiths
  3 water elementals
  11 spriggans (Lair:5)
  2 wyverns
  73 yaks
  7 basilisks
  4 fire elementals (Volcano)
  3 humans
  2 chaos spawn (Orc:2)
  Menkaure (D:5)
  4 wargs
  Edmund (D:5)
  2 nagas (Lair:2)
  2 acid dragons (D:11)
  Duvessa (D:5)
  12 water moccasins
  24 orc warriors
  A sky beast (D:7)
  An ice beast (D:7)
  4 black bears
  5 boggarts (Lair:5)
  8 ogres
  32 wolves
  A lemure (D:5)
  4 centaurs
  5 kobold brigands
  3 phantoms
  18 bullfrogs
  2 scorpions
  4 earth elementals (Volcano)
  17 wights
  Dowan (D:5)
  7 killer bees
  3 electric eels
  3 howler monkeys
  A crimson imp (D:10)
  4 hounds
  3 jellies
  19 orc priests
  2 sleepcaps
  21 orc wizards
  3 iguanas
  2 hell rats (D:8)
  7 adders
  A river rat (D:8)
  3 shadow imps
  2 white imps
  2 ufetubi (D:5)
  A worm (D:3)
  2 dart slugs
  48 orcs
  4 endoplasms
  2 giant cockroaches
  7 goblins
  3 hobgoblins
  4 jackals (D:3)
  5 quokkas
  5 ball pythons
  3 bats
  2 frilled lizards (D:1)
  30 kobolds
  6 rats
741 creatures vanquished.

Vanquished Creatures (collateral kills)
  A basilisk (Lair:4)
  4 orc warriors
  8 orcs
13 creatures vanquished.

Vanquished Creatures (others)
  A howler monkey (D:7)
1 creature vanquished.

Grand Total: 755 creatures vanquished

Notes
Turn   | Place    | Note
-------+----------+-------------------------------------------
     0 | D:1      | Newt the Kobold Hunter began the quest for the Orb.
     0 | D:1      | Reached XP level 1. HP: 12/12 MP: 1/1
   113 | D:1      | Reached XP level 2. HP: 18/18 MP: 2/2
   891 | D:1      | Found a faded altar of an unknown god.
  1140 | D:2      | Reached XP level 3. HP: 24/24 MP: 3/3
  1644 | D:3      | Found a radiant altar of Vehumet.
  1669 | D:3      | Identified the +12 dagger of Skirmishing {protect, Will+
                  | Stlth+}
  1781 | D:3      | Reached XP level 4. HP: 28/30 MP: 4/4
  1982 | D:3      | Noticed Jessica
  1989 | D:3      | Found a shimmering blue altar of Sif Muna.
  2235 | D:4      | Reached skill level 5 in Fighting
  2431 | D:4      | Reached skill level 3 in Stealth
  2431 | D:4      | Reached XP level 5. HP: 35/35 MP: 5/5
  2457 | D:4      | Reached skill level 4 in Stealth
  2557 | D:4      | Noticed a phantom
  2564 | D:4      | Killed a phantom
  2565 | D:4      | Reached skill level 5 in Stealth
  2565 | D:4      | Reached XP level 6. HP: 35/40 MP: 6/6
  2878 | D:4      | Reached skill level 6 in Stealth
  2997 | D:5      | Entered Level 5 of the Dungeon
  3047 | D:5      | Reached skill level 7 in Stealth
  3047 | D:5      | Reached skill level 1 in Short Blades
  3057 | D:5      | Reached XP level 7. HP: 44/44 MP: 7/7
  3387 | D:5      | Found a staircase to the Ecumenical Temple.
  3399 | Temple   | Entered the Ecumenical Temple
  3409 | Temple   | Became a worshipper of Dithmenos the Shadowed
  3455 | D:5      | Noticed Menkaure
  3459 | D:5      | Killed Menkaure
  3460 | D:5      | Reached skill level 5 in Short Blades
  3486 | D:5      | Noticed Edmund
  3490 | D:5      | Killed Edmund
  3491 | D:5      | Reached XP level 8. HP: 49/49 MP: 8/8
  3608 | D:5      | Noticed Duvessa
  3608 | D:5      | Noticed Dowan
  3612 | D:5      | Killed Dowan
  3627 | D:5      | Killed Duvessa
  3977 | D:5      | Noticed Pikel
  3991 | D:5      | Killed Pikel
  3992 | D:5      | Reached XP level 9. HP: 44/54 MP: 9/9
  4655 | D:6      | Reached * piety under Dithmenos
  4828 | D:6      | Found Gaubei's Magic Scroll Boutique.
  4833 | D:6      | Bought a scroll of identify for 22 gold pieces
  4833 | D:6      | Bought a scroll of identify for 22 gold pieces
  4957 | D:6      | Reached skill level 10 in Dodging
  5257 | D:7      | Reached skill level 8 in Stealth
  5596 | D:7      | Reached skill level 9 in Stealth
  5596 | D:7      | Reached XP level 10. HP: 54/59 MP: 10/10
  5609 | D:7      | Reached ** piety under Dithmenos
  5631 | D:7      | Reached skill level 10 in Stealth
  5728 | D:7      | Noticed Maggie
  5732 | D:7      | Killed Maggie
  5733 | D:7      | Reached skill level 11 in Stealth
  5813 | D:7      | Reached skill level 12 in Stealth
  5813 | D:7      | Noticed Jeremiah
  5822 | D:7      | Reached skill level 1 in Evocations
  5935 | D:7      | Killed Jeremiah
  6539 | D:8      | Noticed a cyclops
  6540 | D:8      | Killed a cyclops
  6541 | D:8      | Reached skill level 5 in Evocations
  6576 | D:8      | Noticed a death yak
  6618 | D:8      | Killed a death yak
  6645 | D:8      | Reached XP level 11. HP: 20/66 MP: 11/11
  6659 | D:8      | Noticed Erica
  6944 | D:8      | Killed Erica
  6978 | D:8      | Found a staircase to the Lair.
  6994 | D:8      | Noticed a death yak
  6994 | D:8      | Noticed a death yak
  7018 | D:8      | Killed a death yak
  7036 | D:8      | Killed a death yak
  7037 | D:8      | Reached skill level 10 in Short Blades
  7289 | D:8      | Reached *** piety under Dithmenos
  7727 | D:8      | Found a sacrificial altar of Ru.
  7800 | D:8      | Found a blossoming altar of Fedhas.
  7956 | D:8      | Found a sparkling altar of Nemelex Xobeh.
  8121 | D:9      | Found a transporter.
  8134 | D:9      | Found a transporter.
  8154 | D:9      | Noticed a tengu warrior
  8163 | D:9      | Noticed a two-headed ogre
  8176 | D:9      | Noticed a two-headed ogre
  8583 | D:9      | Found a staircase to the Orcish Mines.
  8708 | D:9      | Found a burning altar of Makhleb.
  8907 | D:10     | Entered Level 10 of the Dungeon
  8976 | D:10     | Noticed a deep elf pyromancer
  8980 | D:10     | Killed a deep elf pyromancer
  9096 | D:10     | Reached XP level 12. HP: 55/76 MP: 12/12
  9432 | D:10     | Noticed a centaur warrior
  9436 | D:10     | Killed a centaur warrior
  9450 | D:10     | Noticed Josephine
  9452 | D:10     | Reached skill level 1 in Shields
  9454 | D:10     | Killed Josephine
  9457 | D:10     | Reached **** piety under Dithmenos
  9649 | D:10     | Noticed a two-headed ogre
  9653 | D:10     | Killed a two-headed ogre
  9860 | D:11     | Reached skill level 5 in Shields
 10004 | D:11     | Noticed a two-headed ogre
 10008 | D:11     | Killed a two-headed ogre
 10487 | D:11     | Noticed a two-headed ogre
 10491 | D:11     | Killed a two-headed ogre
 10492 | D:11     | Reached skill level 13 in Stealth
 10518 | D:11     | Reached skill level 14 in Stealth
 10611 | D:11     | Noticed Sonja
 10615 | D:11     | Killed Sonja
 10616 | D:11     | Reached skill level 15 in Stealth
 10781 | D:12     | Noticed Psyche
 10853 | D:12     | Identified the +1 dagger of Aturoo Ewkau {speed, rElec rF+
                  | SInv}
 10874 | D:12     | Noticed Nessos
 10878 | D:12     | Killed Nessos
 10879 | D:12     | Reached skill level 16 in Stealth
 10879 | D:12     | Reached XP level 13. HP: 80/80 MP: 13/13
 10883 | D:12     | Found a runed translucent gate.
 10883 | D:12     | Found a runed translucent gate.
 10883 | D:12     | Found a runed translucent gate.
 10910 | D:12     | Reached skill level 17 in Stealth
 10992 | D:12     | HP: 1/80 [boulder beetle (20)]
 11098 | D:12     | Noticed Erolcha
 11102 | D:12     | Killed Erolcha
 11103 | D:12     | Reached skill level 18 in Stealth
 11145 | D:12     | Killed Psyche
 11280 | D:12     | Noticed a six-headed hydra
 11284 | D:12     | Killed a six-headed hydra
 11302 | D:12     | Noticed Nergalle
 11306 | D:12     | Killed Nergalle
 11307 | D:12     | Reached skill level 5 in Invocations
 12087 | D:12     | Noticed RandomusNamus's ghost (journeyman MiCA)
 12087 | D:12     | Noticed kairosrom117's ghost (journeyman DrFE)
 12141 | D:13     | Noticed a centaur warrior
 12156 | D:13     | Killed a centaur warrior
 12480 | D:13     | Noticed a catoblepas
 12484 | D:13     | Killed a catoblepas
 13270 | D:14     | Noticed a centaur warrior
 13270 | D:14     | Found a gate to the Vaults.
 13579 | D:14     | Noticed an entropy weaver
 13580 | D:14     | an entropy weaver changed into a tarantella
 13596 | D:13     | Reached XP level 14. HP: 72/86 MP: 20/20
 13796 | D:12     | Killed RandomusNamus's ghost
 13797 | D:12     | Reached skill level 10 in Evocations
 13809 | D:12     | Killed kairosrom117's ghost
 13920 | Lair:1   | Entered Level 1 of the Lair of Beasts
 14062 | Lair:1   | Reached ***** piety under Dithmenos
 14176 | Lair:1   | Reached skill level 15 in Short Blades
 14389 | Lair:1   | Noticed Joseph
 14392 | Lair:1   | Killed Joseph
 14456 | Lair:1   | Noticed Harold
 14484 | Lair:1   | Killed Harold
 14751 | Lair:1   | Noticed Urug
 14768 | Lair:1   | Killed Urug
 15946 | Lair:2   | Found a staircase to the Snake Pit.
 16041 | Lair:2   | Reached skill level 19 in Stealth
 16337 | Lair:3   | Reached skill level 20 in Stealth
 16347 | Lair:3   | Reached XP level 15. HP: 90/90 MP: 21/21
 16627 | Lair:3   | You fall into a shaft and drop 1 floor!
 16676 | Lair:4   | Reached skill level 21 in Stealth
 16787 | Lair:4   | Found a dark tunnel.
 16792 | Volcano  | Entered a volcano
 16888 | Volcano  | Reached ****** piety under Dithmenos
 17508 | Lair:4   | Reached skill level 22 in Stealth
 17714 | Lair:4   | Found a runed translucent gate.
 17721 | Lair:4   | Found a runed translucent gate.
 17722 | Lair:4   | Found a runed translucent gate.
 17750 | Lair:4   | Noticed tsujin's ghost (journeyman GrEE)
 18329 | Lair:4   | Found a runed translucent door.
 18690 | Lair:4   | Killed tsujin's ghost
 18970 | Lair:5   | Entered Level 5 of the Lair of Beasts
 18996 | Lair:5   | Reached skill level 10 in Invocations
 19158 | Lair:5   | Found a staircase to the Slime Pits.
 20116 | Lair:5   | Reached XP level 16. HP: 96/96 MP: 25/25
 21527 | Lair:3   | Found a staircase to the Shoals.
 22059 | Orc:1    | Entered Level 1 of the Orcish Mines
 22080 | Orc:1    | Found Arhizeerph's Magic Scroll Shop.
 22085 | Orc:1    | Bought a scroll of revelation for 90 gold pieces
 22085 | Orc:1    | Bought a scroll of identify for 24 gold pieces
 22085 | Orc:1    | Bought a scroll of identify for 24 gold pieces
 22150 | Orc:1    | Found Keownion's Antique Armour Shoppe.
 22155 | Orc:1    | Bought an embroidered scarf for 176 gold pieces
 22627 | Orc:2    | Entered Level 2 of the Orcish Mines
 22823 | Orc:2    | Found Vuetyf Ewui's General Store.
 23081 | Orc:2    | Found Hetukkiw's Magic Scroll Shop.
 23394 | Orc:2    | Found Jixtec's CLEARANCE SALE!.
 23529 | Orc:2    | Found a staircase to the Elven Halls.
 24910 | Orc:2    | Found Vaabbiev's Jewellery Emporium.
 24910 | Orc:2    | Found Loappiv's Antique Weapon Shoppe.
 24911 | Orc:2    | Found a one-way gate leading to the halls of Pandemonium.
 24980 | Orc:2    | Bought the amulet of the Open Hand {Reflect rElec SH+5} for
                  | 792 gold pieces
 25055 | Orc:2    | Bought a potion of curing for 3 gold pieces
 25249 | Shoals:1 | Entered Level 1 of the Shoals
 25885 | Shoals:1 | Reached skill level 15 in Evocations
 25936 | Shoals:1 | Reached XP level 17. HP: 93/100 MP: 27/27
 26602 | Shoals:2 | Noticed Ilsuiw
 26789 | Shoals:2 | Killed Ilsuiw
 27545 | Shoals:2 | Found a white marble altar of Elyvilon.
 29002 | Shoals:4 | Identified the "Seas"
 29002 | Shoals:4 | Identified the "Sukhai Femu"
 29002 | Shoals:4 | Entered Level 4 of the Shoals
 29075 | Shoals:4 | HP: 5/100 [drowned by a drowned soul[a merfolk avatar]
                  | (13)]
 29078 | Shoals:4 | HP: 2/100 [drowned by a drowned soul[a merfolk avatar]
                  | (13)]
 29251 | Shoals:4 | Upgraded the game from 0.31-a0-965-g8a8ce12e04 to
                  | 0.31-a0-981-geadf994542
 29277 | Shoals:4 | Upgraded the game from 0.31-a0-981-geadf994542 to
                  | 0.31-a0-986-g5e6e4ef867
 29398 | Shoals:4 | HP: 2/100 [wind drake/the air (15)]
 29400 | Shoals:4 | Killed from afar by a wind drake

Illustrated notes

Levels and vault maps discovered:
D:1:      enne_arrival_octagon_isle, layout_basic,
          shapermc_ecumenical_altar_mp_vishouse, minmay_tripent
D:2:      layout_basic
D:3:      layout_rooms, nicolae_vehumet_altar_sigil, tgw_sif
D:4:      layout_cave_pools, serial_demonic, serial_demonic_b, serial_demonic_a,
          serial_demonic_f, serial_demonic_g, glass_columns_c,
          minmay_small_thing
D:5:      layout_gridville, lemuel_temple_firewalk_b, minmay_between,
          uniq_menkaure, uniq_edmund, uniq_duvessa, uniq_pikel
D:6:      layout_gridville, serial_shops, shop, minivault_4,
          kennysheep_flooded_box
D:7:      layout_basic, uniq_maggie, uniq_jeremiah
D:8:      layout_rooms, mainiacjoe_overflow_small_starburst,
          nemelex_xobeh_ov_fountains_minmay, lemuel_round_altar,
          dpeg_lair_monsters, minmay_manual_monstrance, uniq_erica
D:9:      layout_basic, lemuel_coloured_pillars_altar,
          gammafunk_ghost_wrathful_warriors, nicolae_two_hexagons
D:10:     layout_loops_cross, hangedman_stone_soup, uniq_josephine
D:11:     layout_loops_corners, uniq_sonja
D:12:     layout_cave_pools, gammafunk_ghost_cemetery,
          fake_guardian_serpent_vault, uniq_nessos, uniq_psyche, uniq_nergalle,
          uniq_erolcha
D:13:     layout_loops_ring
D:14:     regret_index_combs_of_tragedy, layout_loops_cross, david_vaults_3,
          nicolae_cairo_tiling, serial_shops, shop, uniq_jorgrun
Temple:   eino_temple_rhombus
Lair:1:   layout_regular_city, grunt_megastairs_1, lemuel_fruit_fields,
          uniq_urug, uniq_joseph, uniq_harold
Lair:2:   nzn_winding_woodlands_medium [nzn_winding_woodlands_5x5_checkerboard,
          nzn_winding_woodlands_5x15_crooked,
          nzn_winding_woodlands_5x5_closed_star,
          nzn_winding_woodlands_5x5_three, nzn_winding_woodlands_center_garden,
          nzn_winding_woodlands_5x5_default, nzn_winding_woodlands_hourglass,
          nzn_winding_woodlands_5x15_sidewinder,
          nzn_winding_woodlands_5x5_perimeter], layout_regular_city,
          alex1729_snake_entry_snake, infiniplex_staircase_pool_2
Lair:3:   layout_regular_city, mainiacjoe_shoals_entry_four_pools,
          grunt_megastairs_5
Lair:4:   layout_cave_pods, enter_volcano_4, maelrawn_ghost_gauntlet_escape,
          pdpol_lair_cabin_in_the_woods
Lair:5:   minmay_lair_end_enchanted_forest, layout_gridlike,
          minmay_slime_entry_oklob_enclosed, nzn_sisyphean_effort
Shoals:1: layout_shoals, nicolae_shoals_loop_pool
Shoals:2: layout_shoals, lemuel_altar_in_water, nicolae_shoals_land_atoll,
          st_shoals_ruin, uniq_ilsuiw
Shoals:3: layout_shoals
Shoals:4: shoals_end_grunt_ice, layout_shoals, shoals_ilsuiw_ice,
          nicolae_shoals_cliffside_cave
Orc:1:    layout_diamond_mine, serial_shops, shop,
          nicolae_shop_just_a_little_nook, nicolae_shop_real_fake_doors,
          gammafunk_ghost_cemetery
Orc:2:    pf_orc_diabolical, layout_caves, basic_altar, nicolae_shop_clearance

Skill      XL: |  1  2  3  4  5  6  7  8  9 10 11 12 13 14 15 16 17 |
---------------+----------------------------------------------------+-----
Fighting       | 3 4 5 6 9 |  9.0
Stealth        | 3 5 7 9 12 16 18 20 22 | 22.0
Short Blades   | 2 6 9 13 14 18 | 18.0
Dodging        | 7 10 14 | 14.8
Evocations     | 6 9 10 15 | 15.0
Shields        | 6 |  6.0
Invocations    | 8 12 14 | 14.0
Ranged Weapons | |  5.3

Action                     |  1- 3 |  4- 6 |  7- 9 | 10-12 | 13-15 | 16-18 || total
---------------------------+-------+-------+-------+-------+-------+-------++-------
  Melee: Dagger            |    11 |    42 |   148 |   461 |  1087 |  1297 ||  3046
         Punch             |       |       |     1 |     7 |       |       ||     8
   Fire: Shortbow          |    44 |       |       |       |       |       ||    44
  Evoke: Wand              |       |       |       |     1 |     2 |     3 ||     6
         Lightning rod     |       |       |       |       |     1 |     3 ||     4
         Sack of spiders   |       |       |       |       |     1 |     1 ||     2
         Phantom mirror    |       |       |       |       |       |     1 ||     1
    Use: Scroll            |     4 |     5 |     4 |     7 |     7 |     6 ||    33
         Potion            |       |       |       |     3 |     4 |     5 ||    12
   Stab: Sleeping          |     2 |    16 |    22 |    52 |   140 |    69 ||   301
         Distracted        |     1 |     1 |     2 |     2 |     9 |    17 ||    32
         Held in net/web   |       |       |       |       |     1 |       ||     1
 Armour: Leather armour    |     3 |    10 |    41 |    26 |       |       ||    80
         Robe              |       |       |       |    46 |   144 |   180 ||   370
  Dodge: Dodged            |    11 |     7 |    82 |   194 |   376 |   678 ||  1348
  Block: Other             |     4 |     4 |    19 |    52 |       |       ||    79
         Reflection        |       |     1 |     2 |     4 |    12 |    23 ||    42
         Kite shield       |       |       |       |    73 |   702 |  1061 ||  1836

Table legend: (Time is in decaauts)
 A = Elapsed time spent in this place.
 B = Non-inter-level travel time spent in this place.
 C = Inter-level travel time spent in this place.
 D = Time resting spent in this place.
 E = Time spent auto-exploring this place.
 F = Levels seen in this place.
 G = Mean time per level.
                   A        B        C        D        E       F      G
               +--------+--------+--------+--------+--------+-----+--------+
         Total |  28844 |  27643 |   1201 |   5474 |  17359 |  27 | 1068.3 |
       Dungeon |  13671 |  13081 |    590 |   2523 |   8704 |  14 |  976.5 |
        Temple |     20 |      1 |     19 |      0 |      0 |   1 |   20.0 |
          Lair |   7455 |   7073 |    382 |    536 |   5240 |   5 | 1491.0 |
        Shoals |   4298 |   4223 |     75 |   1231 |   2114 |   4 | 1074.5 |
  Orcish Mines |   2918 |   2784 |    134 |   1009 |   1176 |   2 | 1459.0 |
       Volcano |    478 |    478 |      0 |    174 |    124 |   1 |  478.0 |
               +--------+--------+--------+--------+--------+-----+--------+

Top non-repeatable levels by time:
   Orc:2: 2342 daAuts
  Lair:5: 2047 daAuts
Shoals:2: 2025 daAuts
  Lair:4: 1819 daAuts
    D:13: 1815 daAuts
     D:7: 1461 daAuts
  Lair:2: 1365 daAuts
     D:5: 1225 daAuts
     D:8: 1209 daAuts
  Lair:3: 1150 daAuts
    D:12: 1104 daAuts
  Lair:1: 1074 daAuts
    D:11: 1041 daAuts
     D:9: 971 daAuts
     D:1: 951 daAuts
